General information
- name: BNet
- type: Ladder team game (AT/RT)
- host: Battle.net
- saver: JulianAssange
map: Battleground
- players: 8
- length: 27:10
- speed: Fast
- version: 1.26 W3XP
- replay type: Public
» download(187 KB)
Players
team 1 (loser)
lmnakedrightnow (
blue | 43 APM | 726 actions | 17:04)
4 Death Knight
2 Death Coil
2 Unholy Aura
1 Crypt Lord
1 Impale
» actions
| Assign group hotkey | 1 | |
| Build / train | 39 | |
| ESC pressed | 5 | |
| Enter build submenu | 13 | |
| Enter hero's abilities submenu | 5 | |
| Give item / drop item | 3 | |
| Right click | 369 | |
| Select / deselect | 243 | |
| Select group hotkey | 1 | |
| Use ability | 47 | |
726 total
» units
| Acolyte | 13 | |
| Ghoul | 2 | |
| Crypt Fiend | 4 | |
| Forest Troll Shadow Priest | 1 | |
| Frost Wyrm | 2 | |
22 total
» upgrades
| Creature Attack | 1 | |
| Creature Carapace | 1 | |
2 total
» buildings
| Crypt | 1 | |
| Graveyard | 1 | |
| Ziggurat | 5 | |
| Altar of Darkness | 1 | |
| Tomb of Relics | 1 | |
| Halls of the Dead | 1 | |
| Black Citadel | 1 | |
| Sacrificial Pit | 1 | |
| Boneyard | 2 | |
| Spirit Tower | 1 | |
15 total
» build order
00:35 Crypt
00:42 Graveyard
00:48 Ziggurat
00:59 Altar of Darkness
01:33 Tomb of Relics
02:28 Ziggurat
03:08 Halls of the Dead
05:04 Ziggurat
05:53 Black Citadel
07:53 Sacrificial Pit
09:31 Boneyard
09:33 Boneyard
10:15 Spirit Tower
11:02 Ziggurat
14:25 Ziggurat
» items
| Rod of Necromancy | 3 | |
| Orb of Corruption | 1 | |
| Scroll of Protection | 1 | |
5 total
SxulHrsmntPanda (
purple | 108 APM | 1841 actions | 17:06)
3 Mountain King
1 Storm Bolt
2 Bash
1 Paladin
1 Holy Light
» actions
| Assign group hotkey | 79 | |
| Basic commands | 212 | |
| Build / train | 65 | |
| ESC pressed | 1 | |
| Enter build submenu | 30 | |
| Enter hero's abilities submenu | 4 | |
| Give item / drop item | 2 | |
| Right click | 590 | |
| Select / deselect | 243 | |
| Select group hotkey | 542 | |
| Use ability | 73 | |
1841 total
» units
| Peasant | 13 | |
| Rifleman | 6 | |
| Mortar Team | 6 | |
| Flying Machine | 4 | |
29 total
» upgrades
| Gunpowder | 3 | |
| Masonry | 1 | |
| Long Rifles | 1 | |
| Flare | 1 | |
| Fragmentation Shards | 1 | |
| Armor | 1 | |
8 total
» buildings
| Farm | 12 | |
| Altar of Kings | 2 | |
| Barracks | 1 | |
| Blacksmith | 1 | |
| Scout Tower | 6 | |
| Arcane Tower | 2 | |
| Keep | 4 | |
| Lumber Mill | 1 | |
| Arcane Vault | 1 | |
| Guard Tower | 6 | |
| Workshop | 2 | |
| Castle | 1 | |
39 total
» build order
01:14 Farm
01:16 Altar of Kings
01:22 Farm
01:25 Barracks
01:28 Blacksmith
01:31 Altar of Kings
01:34 Farm
01:37 Farm
01:52 Farm
02:05 Scout Tower
02:06 Scout Tower
02:52 Arcane Tower
02:53 Arcane Tower
03:04 Farm
03:51 Keep
03:52 Keep
03:52 Keep
04:45 Lumber Mill
04:48 Arcane Vault
05:04 Scout Tower
05:08 Scout Tower
05:09 Scout Tower
05:20 Scout Tower
05:33 Farm
05:39 Farm
05:53 Guard Tower
05:53 Guard Tower
05:54 Guard Tower
06:05 Guard Tower
06:07 Guard Tower
06:07 Guard Tower
07:14 Workshop
07:28 Workshop
09:01 Castle
09:40 Farm
09:42 Farm
12:41 Farm
12:42 Farm
» items
| Scroll of Regeneration | 3 | |
| Lesser Clarity Potion | 4 | |
7 total
DIHARRA-RUNS (
red | 58 APM | 1573 actions | 27:08)
6 Archmage
3 Summon Water Elemental
2 Brilliance Aura
1 Mass Teleport
» actions
| Assign group hotkey | 34 | |
| Basic commands | 50 | |
| Build / train | 83 | |
| Enter build submenu | 24 | |
| Enter hero's abilities submenu | 6 | |
| Give item / drop item | 6 | |
| Right click | 612 | |
| Select / deselect | 231 | |
| Select group hotkey | 396 | |
| Use ability | 131 | |
1573 total
» units
| Peasant | 17 | |
| Footman | 4 | |
| Gryphon Rider | 6 | |
27 total
» upgrades
| Lumber Harvesting | 2 | |
| Masonry | 3 | |
| Animal War Training | 1 | |
| Swords | 1 | |
| Armor | 1 | |
| Storm Hammers | 1 | |
9 total
» buildings
| Altar of Kings | 1 | |
| Barracks | 1 | |
| Farm | 11 | |
| Arcane Vault | 2 | |
| Lumber Mill | 2 | |
| Town Hall | 1 | |
| Scout Tower | 22 | |
| Keep | 3 | |
| Guard Tower | 17 | |
| Castle | 1 | |
| Gryphon Aviary | 3 | |
| Blacksmith | 1 | |
65 total
» build order
00:15 Altar of Kings
00:22 Barracks
00:36 Farm
00:51 Farm
01:39 Farm
02:03 Arcane Vault
02:46 Lumber Mill
03:23 Farm
04:37 Town Hall
04:39 Scout Tower
04:40 Scout Tower
04:41 Scout Tower
04:41 Scout Tower
04:43 Scout Tower
05:04 Keep
05:05 Keep
05:32 Guard Tower
05:45 Guard Tower
05:45 Guard Tower
05:45 Guard Tower
05:45 Guard Tower
05:59 Guard Tower
06:34 Scout Tower
06:37 Scout Tower
06:37 Scout Tower
06:38 Scout Tower
06:39 Scout Tower
06:41 Scout Tower
06:43 Scout Tower
06:43 Scout Tower
07:11 Guard Tower
07:11 Guard Tower
07:38 Guard Tower
08:07 Arcane Vault
08:16 Castle
09:13 Scout Tower
09:13 Scout Tower
09:14 Scout Tower
09:14 Scout Tower
09:15 Scout Tower
09:49 Guard Tower
09:49 Guard Tower
10:28 Guard Tower
11:34 Lumber Mill
11:44 Gryphon Aviary
11:47 Gryphon Aviary
11:51 Gryphon Aviary
12:28 Blacksmith
12:41 Farm
12:42 Farm
12:43 Farm
12:44 Farm
15:18 Scout Tower
15:18 Scout Tower
15:20 Scout Tower
17:06 Guard Tower
17:20 Farm
17:20 Farm
» items
| Scroll of Regeneration | 4 | |
| Lesser Clarity Potion | 2 | |
| Staff of Teleportation | 1 | |
| Boots of Speed | 1 | |
| Potion of Lesser Invulnerability | 1 | |
| Ivory Tower | 2 | |
| Potion of Healing | 1 | |
| Potion of Mana | 1 | |
| Scroll of Town Portal | 2 | |
| Staff of Sanctuary | 1 | |
| Orb of Fire | 1 | |
17 total

»
CCR-Revival (
pink | 43 APM | 1164 actions | 27:02)
4 Blademaster
1 Wind Walk
3 Critical Strike
» actions
| Basic commands | 29 | |
| Build / train | 62 | |
| Enter build submenu | 41 | |
| Enter hero's abilities submenu | 4 | |
| Remove unit from queue | 10 | |
| Right click | 636 | |
| Select / deselect | 306 | |
| Use ability | 76 | |
1164 total
» units
| Peon | 15 | |
| Grunt | 5 | |
| Wind Rider | 15 | |
| Troll Batrider | 5 | |
40 total
» upgrades
| Ranged Weapons | 2 | |
| Armor | 1 | |
| Reinforced Defenses | 1 | |
| Envenomed Spears | 1 | |
5 total
» buildings
| Orc Burrow | 9 | |
| War Mill | 1 | |
| Altar of Storms | 1 | |
| Barracks | 1 | |
| Voodoo Lounge | 1 | |
| Stronghold | 2 | |
| Watch Tower | 16 | |
| Great Hall | 3 | |
| Beastiary | 3 | |
| Fortress | 2 | |
| Town Hall | 1 | |
40 total
» build order
00:22 Orc Burrow
00:40 War Mill
00:59 Orc Burrow
01:18 Altar of Storms
01:41 Barracks
02:17 Voodoo Lounge
03:00 Orc Burrow
04:42 Stronghold
05:56 Watch Tower
05:57 Watch Tower
06:36 Great Hall
06:40 Watch Tower
06:43 Watch Tower
07:34 Great Hall
07:37 Watch Tower
07:39 Watch Tower
07:44 Watch Tower
07:48 Watch Tower
08:36 Watch Tower
08:45 Beastiary
08:45 Beastiary
08:47 Beastiary
09:09 Watch Tower
09:59 Watch Tower
12:26 Watch Tower
12:26 Watch Tower
12:29 Fortress
12:36 Orc Burrow
12:37 Orc Burrow
12:42 Orc Burrow
12:44 Orc Burrow
13:43 Watch Tower
13:44 Watch Tower
13:50 Watch Tower
16:42 Orc Burrow
17:37 Great Hall
18:41 Stronghold
19:33 Town Hall
21:08 Fortress
22:04 Orc Burrow
team 2 (winner)
Phunkadelphia (
yellow | 100 APM | 2228 actions | 22:15)
4 Blood Mage
1 Banish
1 Siphon Mana
2 Flame Strike
1 Mountain King
1 Storm Bolt
1 Paladin
1 Holy Light
» actions
| Assign group hotkey | 93 | |
| Basic commands | 104 | |
| Build / train | 63 | |
| ESC pressed | 7 | |
| Enter build submenu | 30 | |
| Enter hero's abilities submenu | 6 | |
| Right click | 777 | |
| Select / deselect | 244 | |
| Select group hotkey | 851 | |
| Use ability | 53 | |
2228 total
» units
| Peasant | 9 | |
| Footman | 3 | |
| Rifleman | 7 | |
| Forest Troll Shadow Priest | 1 | |
| Forest Troll Berserker | 2 | |
| Sorceress | 3 | |
| Priest | 5 | |
| Spell Breaker | 3 | |
33 total
» upgrades
| Priest Training | 2 | |
| Sorceress Training | 2 | |
| Long Rifles | 1 | |
| Masonry | 1 | |
| Lumber Harvesting | 1 | |
| Gunpowder | 1 | |
8 total
» buildings
| Altar of Kings | 1 | |
| Farm | 14 | |
| Barracks | 1 | |
| Blacksmith | 1 | |
| Scout Tower | 3 | |
| Keep | 1 | |
| Arcane Vault | 2 | |
| Arcane Tower | 2 | |
| Lumber Mill | 1 | |
| Arcane Sanctum | 2 | |
| Guard Tower | 1 | |
| Castle | 1 | |
| Workshop | 1 | |
31 total
» build order
00:19 Altar of Kings
00:29 Farm
00:44 Barracks
01:16 Farm
02:55 Blacksmith
03:45 Farm
03:50 Scout Tower
04:10 Farm
04:18 Keep
04:26 Arcane Vault
04:27 Arcane Tower
04:33 Scout Tower
04:37 Scout Tower
04:41 Farm
06:15 Farm
06:22 Lumber Mill
06:55 Arcane Sanctum
06:58 Arcane Sanctum
07:14 Guard Tower
09:36 Castle
09:53 Arcane Tower
10:39 Arcane Vault
10:56 Farm
11:01 Farm
11:04 Farm
11:54 Farm
12:31 Farm
12:50 Farm
13:38 Farm
13:41 Farm
13:58 Workshop
» items
| Ivory Tower | 2 | |
| Scroll of Regeneration | 2 | |
| Lesser Clarity Potion | 1 | |
| Potion of Healing | 1 | |
| Boots of Speed | 1 | |
| Staff of Sanctuary | 1 | |
8 total
InADarkTongue (
orange | 46 APM | 1239 actions | 27:09)
6 Archmage
3 Summon Water Elemental
2 Brilliance Aura
1 Mass Teleport
» actions
| Assign group hotkey | 24 | |
| Basic commands | 100 | |
| Build / train | 64 | |
| Enter build submenu | 49 | |
| Enter hero's abilities submenu | 6 | |
| Give item / drop item | 4 | |
| Remove unit from queue | 1 | |
| Right click | 466 | |
| Select / deselect | 344 | |
| Select group hotkey | 103 | |
| Use ability | 78 | |
1239 total
» units
| Peasant | 16 | |
| Footman | 4 | |
| Gryphon Rider | 6 | |
26 total
» upgrades
| Lumber Harvesting | 2 | |
| Masonry | 2 | |
| Swords | 3 | |
| Armor | 2 | |
| Animal War Training | 1 | |
| Storm Hammers | 1 | |
11 total
» buildings
| Altar of Kings | 1 | |
| Barracks | 1 | |
| Farm | 6 | |
| Arcane Vault | 1 | |
| Keep | 1 | |
| Lumber Mill | 2 | |
| Town Hall | 1 | |
| Scout Tower | 33 | |
| Guard Tower | 9 | |
| Castle | 1 | |
| Gryphon Aviary | 2 | |
| Blacksmith | 2 | |
60 total
» build order
00:38 Altar of Kings
00:40 Barracks
00:50 Farm
00:52 Farm
01:05 Farm
01:58 Farm
02:49 Arcane Vault
03:35 Keep
04:19 Lumber Mill
07:08 Town Hall
07:16 Scout Tower
07:17 Scout Tower
07:18 Scout Tower
07:20 Scout Tower
07:24 Scout Tower
07:25 Scout Tower
07:29 Scout Tower
07:41 Scout Tower
07:42 Scout Tower
07:42 Scout Tower
07:44 Scout Tower
07:44 Scout Tower
08:29 Guard Tower
08:55 Guard Tower
09:03 Castle
09:15 Scout Tower
09:17 Scout Tower
09:27 Scout Tower
09:29 Scout Tower
09:31 Scout Tower
09:33 Scout Tower
09:43 Scout Tower
09:43 Scout Tower
09:43 Scout Tower
09:45 Scout Tower
09:52 Lumber Mill
10:00 Guard Tower
10:03 Guard Tower
10:08 Guard Tower
10:10 Guard Tower
10:12 Guard Tower
10:28 Guard Tower
11:00 Scout Tower
11:02 Scout Tower
11:03 Scout Tower
11:04 Scout Tower
11:09 Scout Tower
11:10 Scout Tower
11:14 Scout Tower
11:19 Scout Tower
11:24 Scout Tower
11:26 Scout Tower
11:30 Scout Tower
11:36 Guard Tower
12:16 Gryphon Aviary
12:18 Gryphon Aviary
12:31 Blacksmith
12:42 Blacksmith
13:49 Farm
13:51 Farm
17:10 Guard Tower
» items
| Scroll of Regeneration | 2 | |
| Potion of Invisibility | 1 | |
| Potion of Lesser Invulnerability | 2 | |
| Boots of Speed | 1 | |
| Periapt of Vitality | 2 | |
8 total
JulianAssange (
teal | 75 APM | 2049 actions | 27:10)
5 Blood Mage
3 Flame Strike
2 Siphon Mana
» actions
| Assign group hotkey | 103 | |
| Basic commands | 223 | |
| Build / train | 113 | |
| Enter build submenu | 27 | |
| Enter hero's abilities submenu | 5 | |
| Give item / drop item | 7 | |
| Right click | 592 | |
| Select / deselect | 228 | |
| Select group hotkey | 633 | |
| Use ability | 118 | |
2049 total
» units
| Peasant | 13 | |
| Footman | 8 | |
| Sorceress | 1 | |
| Gryphon Rider | 6 | |
28 total
» upgrades
| Masonry | 3 | |
| Swords | 3 | |
| Sorceress Training | 1 | |
| Armor | 3 | |
| Magic Sentry | 1 | |
| Animal War Training | 1 | |
| Lumber Harvesting | 2 | |
| Storm Hammers | 1 | |
| Cloud | 1 | |
16 total
» buildings
| Altar of Kings | 1 | |
| Barracks | 2 | |
| Farm | 5 | |
| Arcane Vault | 1 | |
| Keep | 4 | |
| Lumber Mill | 1 | |
| Blacksmith | 1 | |
| Arcane Sanctum | 1 | |
| Scout Tower | 14 | |
| Guard Tower | 21 | |
| Castle | 1 | |
| Town Hall | 1 | |
| Gryphon Aviary | 2 | |
55 total
» build order
00:53 Altar of Kings
00:57 Barracks
01:02 Barracks
01:04 Farm
01:06 Farm
01:43 Farm
02:14 Farm
02:16 Arcane Vault
02:37 Farm
04:32 Keep
04:32 Keep
04:32 Keep
04:35 Lumber Mill
05:32 Blacksmith
06:54 Arcane Sanctum
07:02 Scout Tower
07:05 Scout Tower
07:39 Guard Tower
07:39 Guard Tower
07:41 Guard Tower
07:42 Scout Tower
07:43 Scout Tower
08:11 Guard Tower
08:36 Castle
09:09 Guard Tower
10:30 Town Hall
10:34 Scout Tower
10:35 Scout Tower
10:36 Scout Tower
10:37 Scout Tower
10:39 Scout Tower
10:42 Scout Tower
10:44 Scout Tower
10:45 Scout Tower
10:46 Scout Tower
10:48 Scout Tower
11:07 Guard Tower
11:08 Guard Tower
11:34 Guard Tower
11:34 Guard Tower
11:34 Guard Tower
11:35 Guard Tower
11:36 Guard Tower
11:36 Guard Tower
11:36 Guard Tower
11:48 Gryphon Aviary
11:55 Gryphon Aviary
12:14 Guard Tower
12:14 Guard Tower
» items
| Scroll of Regeneration | 6 | |
| Staff of Teleportation | 1 | |
| Boots of Speed | 1 | |
| Potion of Invisibility | 3 | |
| Scroll of Town Portal | 4 | |
| Lesser Clarity Potion | 2 | |
| Potion of Healing | 3 | |
| Staff of Sanctuary | 1 | |
21 total

»
indica.only (
green | 50 APM | 1235 actions | 24:51)
5 Demon Hunter
3 Immolation
2 Evasion
» actions
| Assign group hotkey | 34 | |
| Basic commands | 16 | |
| Build / train | 70 | |
| Enter build submenu | 20 | |
| Enter hero's abilities submenu | 5 | |
| Right click | 397 | |
| Select / deselect | 249 | |
| Select group hotkey | 401 | |
| Use ability | 43 | |
1235 total
» units
| Wisp | 18 | |
| Archer | 23 | |
| Hippogryph | 14 | |
55 total
» upgrades
| Strength of the Moon | 2 | |
| Moon Armor | 2 | |
| Improved Bows | 1 | |
| Hippogryph Taming | 1 | |
| Marksmanship | 1 | |
7 total
» buildings
| Altar of Elders | 1 | |
| Ancient of War | 1 | |
| Moon Well | 8 | |
| Tree of Ages | 1 | |
| Hunter's Hall | 1 | |
| Ancient of Wonders | 1 | |
| Ancient of Wind | 1 | |
| Ancient Protector | 1 | |
| Tree of Eternity | 1 | |
16 total
» build order
00:09 Altar of Elders
00:13 Ancient of War
01:03 Moon Well
01:35 Moon Well
02:57 Moon Well
03:47 Tree of Ages
03:54 Hunter's Hall
04:32 Moon Well
04:57 Ancient of Wonders
06:36 Ancient of Wind
10:09 Moon Well
10:58 Moon Well
11:04 Moon Well
11:36 Ancient Protector
15:43 Tree of Eternity
18:46 Moon Well
Chat log
(00:15 / All) CCR-Revival: I see a bad moon rising
(00:19 / All) CCR-Revival: I see trouble on the way
(00:39 / All) indica.only: look like wer ein for nasty weather
(00:45 / All) DIHARRA-RUNS: top score gets pics of my sister
(00:45 / All) CCR-Revival: ^\
(00:47 / All) InADarkTongue: green's horoscope?
(00:47 / All) DIHARRA-RUNS: win or losss
(00:51 / All) CCR-Revival: i just gained some respect for green
(00:58 / All) DIHARRA-RUNS: how
(01:02 / All) Phunkadelphia: I havent listened to CCR in some time
(01:04 / All) CCR-Revival: he knows CCR
(01:43 / All) InADarkTongue: Clear Creek Revival?
(01:48 / All) InADarkTongue: That old timey band
(01:54 / All) indica.only: LOL
(01:58 / All) CCR-Revival: lmao
(02:16 / All) DIHARRA-RUNS: tom petty is a beast
(02:16 / All) Phunkadelphia: well credence clearwater revival revival
(02:17 / All) InADarkTongue: They have a song I'm familiar with
(02:20 / All) Phunkadelphia: is a little weird too
(02:21 / All) InADarkTongue: There it is
(02:25 / All) CCR-Revival: lol
(02:33 / All) CCR-Revival: I WANNA KNOW
(02:39 / All) CCR-Revival: HAVE YOU EVER SEEN THE RAIN
(02:45 / All) indica.only: comeing down
(02:48 / All) indica.only: LOL
(02:51 / All) indica.only: pover
(02:52 / All) CCR-Revival: A SUNNY DAY
(02:53 / All) indica.only: me
(03:14 / All) InADarkTongue: I like Eric Clapton a lot better
(03:20 / All) indica.only: cream
(04:05 / All) CCR-Revival: LOL fuck
(04:31 / All) DIHARRA-RUNS: feel free to give me the cloak i earned blue
(04:57 / All) InADarkTongue: OH BABY THAT'S COLD SHOT
(05:25 / Allies) InADarkTongue: wtf yellow
(05:54 / Allies) InADarkTongue: I was bringing militia
(05:59 / Allies) Phunkadelphia: we fine
(06:00 / Allies) InADarkTongue: help me creep expo
(06:01 / Allies) Phunkadelphia: banishin
(06:22 / Allies) InADarkTongue: I mean I didn'tkl nw you were there
(06:29 / Allies) InADarkTongue: help me creep expo at least
(06:31 / Allies) Phunkadelphia: lol
(06:32 / Allies) Phunkadelphia: my b
(07:02 / All) DIHARRA-RUNS: blue earned sentencing points
(07:05 / All) DIHARRA-RUNS: in his favor
(07:06 / Allies) indica.only: xpo that
(07:08 / All) DIHARRA-RUNS: for giving cloak back
(07:15 / All) CCR-Revival: :D
(07:29 / Allies) Phunkadelphia: nice find
(07:35 / Allies) JulianAssange: I'm taking this when crept
(07:51 / Allies) indica.only: tower the fuck out of it
(07:51 / All) CCR-Revival: green
(07:53 / Allies) Phunkadelphia: go back
(07:54 / Allies) Phunkadelphia: green
(07:56 / All) CCR-Revival: i thought we were homies
(08:07 / Allies) InADarkTongue: defend
(08:33 / Allies) InADarkTongue: tp tteal
(08:44 / Allies) JulianAssange: omw
(08:52 / All) InADarkTongue: purple is a mher
(08:54 / Allies) JulianAssange: Oops I misclicked
(08:57 / Allies) JulianAssange: I'm tping to my base
(09:25 / Allies) JulianAssange: Help me clear this?
(09:29 / Allies) indica.only: k
(09:40 / Allies) indica.only: cpm
(09:41 / Allies) indica.only: cpme
(09:43 / Allies) indica.only: come*
(09:44 / All) DIHARRA-RUNS: i think thi sis the word record for fasting 4 expos on this map
(09:55 / Allies) InADarkTongue: lumber
(10:07 / Allies) JulianAssange: ty
(10:21 / Allies) InADarkTongue: lumer
(11:59 / Allies) indica.only: fucing morts
(12:09 / Allies) InADarkTongue: lumber
(14:11 / Allies) indica.only: goldpzl
(14:26 / Allies) Phunkadelphia: gold plz teal
(14:30 / Allies) indica.only: gold pzl
(14:32 / All) InADarkTongue: mhing trash
(14:40 / Allies) Phunkadelphia: orange
(14:41 / Allies) Phunkadelphia: christ man
(14:43 / All) InADarkTongue: he's such an obvious mher
(14:43 / Allies) Phunkadelphia: share
(15:03 / Allies) InADarkTongue: Let's hit purple
(15:05 / All) JulianAssange: I killed your mine with 1 hero blue
(15:06 / Allies) Phunkadelphia: no
(15:08 / Allies) Phunkadelphia: unless you gold
(15:12 / All) lmnakedrightnow: yep
(15:14 / All) InADarkTongue: He randomly flares the shop
(15:15 / All) SxulHrsmntPanda: hes garbage
(15:17 / All) InADarkTongue: when I'm shopping
(15:21 / All) JulianAssange: How does it make you feel blue?
(15:23 / All) InADarkTongue: Purple you're a mher
(15:52 / Allies) indica.only: gold plz!
(16:05 / All) SxulHrsmntPanda: Hit my base
(16:06 / All) SxulHrsmntPanda: I bsed
(16:16 / All) CCR-Revival: lol
(16:24 / All) CCR-Revival: dude virgin rage over here
(16:31 / All) CCR-Revival: how many of you care what he has said?
(16:33 / All) JulianAssange: lol
(16:34 / All) JulianAssange: I bet he's mad
(16:35 / All) JulianAssange: I do
(16:37 / All) SxulHrsmntPanda: noob teams
(16:40 / All) SxulHrsmntPanda: Cant work with them
(16:41 / All) lmnakedrightnow: ITS BEEN LIKE THIS ALL DAY
(16:44 / All) SxulHrsmntPanda: Sitting around jerking off
(16:45 / All) SxulHrsmntPanda: Sad
(16:49 / All) DIHARRA-RUNS: ROFL
(16:59 / All) SxulHrsmntPanda: reds got 4k gold
(17:01 / All) SxulHrsmntPanda: Enuff said
(17:01 / All) indica.only: LOL
(17:08 / All) indica.only: GG
(17:09 / All) CCR-Revival: lol
(17:15 / All) CCR-Revival: is it though green?
(17:15 / All) indica.only: leave
(17:16 / All) indica.only: PLZ
(17:25 / All) DIHARRA-RUNS: shut up green!
(17:32 / All) indica.only: reds a bucket
(17:37 / All) indica.only: leave
(17:38 / All) InADarkTongue: he rages so hard and mhs
(17:47 / All) indica.only: leave u bucket
(17:50 / All) indica.only: trash
(17:51 / All) indica.only: red
(19:00 / All) CCR-Revival: lmao
(19:06 / All) indica.only: LMAO red has taht mh
(19:11 / All) DIHARRA-RUNS: lolz
(19:12 / All) indica.only: such a bucket its funny
(19:13 / All) CCR-Revival: lol
(19:15 / All) DIHARRA-RUNS: how the fuck did he come up with that
(19:16 / All) CCR-Revival: i do too :)
(19:25 / All) CCR-Revival: whats a "bucket"
(19:26 / All) indica.only: ur a fucking buket
(19:34 / Allies) Phunkadelphia: someone
(19:35 / Allies) Phunkadelphia: tp with me
(19:37 / All) indica.only: LOL something that u trou ur trash into
(19:38 / Allies) InADarkTongue: nope
(19:40 / All) indica.only: something u kick
(19:40 / Allies) InADarkTongue: nothing doing
(19:43 / All) indica.only: garbage
(19:45 / All) DIHARRA-RUNS: lolz
(19:47 / All) DIHARRA-RUNS: u mad
(19:48 / All) CCR-Revival: lmao
(19:49 / All) DIHARRA-RUNS: cuz u bad
(19:50 / All) CCR-Revival: clever
(19:55 / All) DIHARRA-RUNS: what the hell is a bucket
(19:58 / All) CCR-Revival: green we played earlier
(20:01 / Allies) indica.only: orange is noob
(20:02 / All) CCR-Revival: i owned you and you left
(20:02 / Allies) indica.only: thpou
(20:24 / Allies) indica.only: w.e i still get the win
(20:25 / Allies) indica.only: lol
(20:37 / Allies) InADarkTongue: No you don't
(20:41 / Allies) indica.only: now i smoke
(20:47 / Allies) indica.only: lol
(20:48 / Allies) indica.only: noob
(20:50 / Allies) InADarkTongue: You lose
(20:57 / Allies) indica.only: ur the biggest bucket of them all lmao
(21:04 / Allies) InADarkTongue: What's a bucket
(21:07 / Allies) indica.only: smoke time
(21:22 / Allies) InADarkTongue: you'll come back to a failed to achieve victory prompt
(21:27 / All) CCR-Revival: you are such a fucking bucket yellow/green
(22:06 / All) Phunkadelphia: wow
(22:10 / All) Phunkadelphia: an all timer
(22:17 / All) InADarkTongue: LET'S GO
(22:18 / All) InADarkTongue: AWWWWWW
(22:39 / All) JulianAssange: Green still here
(23:00 / All) DIHARRA-RUNS: bm vs archmage battle zack!
(23:04 / All) InADarkTongue: he went for a smoke break he claimed
(24:37 / All) DIHARRA-RUNS: green u mad we owned ur ass
(24:48 / All) indica.only: lmao biggest noobs who wreak wc3 LOL
(24:55 / All) InADarkTongue: lol
(24:59 / All) InADarkTongue: He was there the whole tiome
(25:07 / All) DIHARRA-RUNS: MAD
(25:08 / All) DIHARRA-RUNS: GREEN
(25:16 / All) DIHARRA-RUNS: owned zack
(25:40 / All) DIHARRA-RUNS: rapeee
(25:46 / All) CCR-Revival: LOL
(25:47 / All) DIHARRA-RUNS: A TIE
(25:48 / All) CCR-Revival: lmao
(25:58 / All) DIHARRA-RUNS: NOT A bad duel
(26:11 / All) DIHARRA-RUNS: new acct?
(26:17 / All) CCR-Revival: greeeeeen leave
(26:29 / All) DIHARRA-RUNS: h eleft
(26:29 / All) InADarkTongue: He did
(26:35 / All) CCR-Revival: oh lol
(26:55 / All) DIHARRA-RUNS: i do not care who wins or loses
(26:59 / All) CCR-Revival: purp lose
(27:00 / All) DIHARRA-RUNS: if we search again we can match indica again